 Dungeon Crawl Stone Soup version 0.26.1-2-gb8aa6d0cf2 (webtiles) character file.

Game seed: 8603357789384003232

103 RaHiT the Sneak (level 4, -6/31 HPs)
             Began as an Octopode Delver on Mar 23, 2021.
             Mangled by a gnoll
             ... wielding a +0 spear
              (11 damage)
             ... on level 3 of the Dungeon.
             The game lasted 00:05:34 (1103 turns).

RaHiT the Sneak (Octopode Delver)                   Turns: 1103, Time: 00:05:38

Health: -6/31      AC:  1    Str: 11    XL:     4   Next: 79%
Magic:  6/6        EV: 14    Int: 13    God:
Gold:   52         SH:  0    Dex: 13    Spells: 6/6 levels left

rFire    . . .     SeeInvis .     - Unarmed
rCold    . . .     Faith    .   (no shield)
rNeg     . . .     Spirit   .   (helmet restricted)
rPois    .         Reflect  .   (no amulet)
rElec    .         Harm     .   (no ring)
rCorr    .         Rampage  .   (no ring)
Will     .....                  (no ring)
Stlth    ++++......             (no ring)
HPRegen  0.10/turn              (no ring)
MPRegen  0.10/turn              (no ring)
                                (no ring)
                                (no ring)

@: no status effects
A: almost no armour, stealthy swim, amphibious, 8 rings, constrict 8, camouflage
1, gelatinous body 1
a: no special abilities


You were on level 3 of the Dungeon.
You visited 1 branch of the dungeon, and saw 5 of its levels.

You collected 52 gold pieces.

Inventory:

Missiles
 n - 4 javelins (quivered)
 o - 19 bolts
 t - 58 stones
Jewellery
 g - an uncursed ring of protection from cold {unknown}
 h - a +6 ring of intelligence {unknown}
 m - an uncursed ring of magical power {unknown}
 u - an uncursed ring of flight {unknown}
 x - a cursed ring of teleportation {unknown}
Wands
 e - a wand of digging (3)
Scrolls
 a - 4 scrolls of fog
 b - a scroll of magic mapping
 c - a scroll of fear
 i - a scroll of enchant armour {unknown}
 j - a scroll of random uselessness {unknown}
 l - 2 scrolls of enchant weapon {unknown}
 p - a scroll of teleportation {unknown}
 q - 2 scrolls of remove curse {unknown}
 v - 3 scrolls of identify {unknown}
Potions
 d - 2 potions of haste
 f - a potion of attraction {unknown}
 k - a potion of invisibility {unknown}
 r - a potion of lignification {unknown}
 s - a potion of flight {unknown}
 w - a potion of curing {unknown}


   Skills:
 - Level 3.0 Fighting
 - Level 3.0 Dodging
 + Level 7.4 Stealth
 * Level 2.8 Unarmed Combat
 + Level 1.5 Spellcasting


You had 6 spell levels left.
You didn't know any spells.
Your spell library was empty.

Dungeon Overview and Level Annotations

Branches:
Dungeon (5/15)
 Temple: D:4-7

Altars:


Innate Abilities, Weirdness & Mutations

You cannot wear most types of armour.
You are very stealthy in the water. (Stealth+)
You are amphibious.
You can wear up to eight rings at the same time.
You can use your tentacles to constrict eight enemies at once.
Your skin changes colour to match your surroundings (Stealth+).
Your rubbery body absorbs attacks. (AC +1, EV +1)


Message History

Things that are here:
a +0 whip; a gnoll corpse You tentacle-slap the gnoll.
Your grab misses the gnoll.
The gnoll is moderately wounded.
The gnoll misses you. The gnoll closely misses you.
You tentacle-slap the gnoll. Your grab misses the gnoll.
The gnoll is heavily wounded.
The gnoll barely misses you. x2
You tentacle-slap the gnoll but do no damage.
Your grab misses the gnoll.
The gnoll is heavily wounded.
The gnoll hits you with a +0 spear!
You tentacle-slap the gnoll but do no damage.
You grab the gnoll.
The gnoll is heavily wounded.
You constrict the gnoll.
The gnoll hits you from afar with a +0 halberd!
* * * LOW HITPOINT WARNING * * *
The gnoll hits you with a +0 spear!
You die...

### #.. ####### #.#
#.....# #.# #.# #.#
..##########.## #.#
....ggg@......# .#####.#
..##.########.##........
#.#########.
#.........).
#.###.#####. ...#
#....... ###.# #.######
#....## #.#.#


You could see 3 gnolls.

Vanquished Creatures
  6 gnolls
  5 bats (D:1)
  7 giant cockroaches
  9 goblins
  4 hobgoblins
  3 ball pythons
  5 frilled lizards
  A kobold (D:1)
  8 rats
48 creatures vanquished.

Notes
Turn   | Place    | Note
-------+----------+-------------------------------------------
     0 | D:5      | RaHiT the Octopode Delver began the quest for the Orb.
     0 | D:5      | Reached XP level 1. HP: 16/16 MP: 1/1
    11 | D:5      | Noticed an iguana
    12 | D:5      | Noticed a scorpion
   159 | D:1      | Reached XP level 2. HP: 21/21 MP: 2/2
   383 | D:1      | Reached XP level 3. HP: 23/26 MP: 2/4
   384 | D:1      | Reached skill level 1 in Spellcasting
   491 | D:1      | Reached skill level 7 in Stealth
   974 | D:3      | Reached XP level 4. HP: 29/31 MP: 5/5
  1103 | D:3      | Mangled by a gnoll

Illustrated notes

Levels and vault maps discovered:
D:1:      amcnicky_arrival_flooded_fountain, layout_basic
D:2:      layout_rooms, xom_teletrap_fun
D:3:      layout_loops_ring, marbit_many_paths, gammafunk_ghost_icy
D:4:      layout_loops_ring, nicolae_overflow_hidden_temple, serial_shops,
          nicolae_shop_crystal, shop
D:5:      layout_rooms, led_sif_pool, serial_shops, shop

Skill      XL: |  1  2  3 |
---------------+----------+-----
Spellcasting   | 1 |  1.5
Stealth        | 7 |  7.4
Dodging        | 3 |  3.0
Fighting       | |  3.0
Unarmed Combat | |  2.8

Action                   |  1- 3 |  4- 6 || total
-------------------------+-------+-------++-------
Melee: Unarmed           |    66 |    23 ||    89
       Constrict         |    21 |     7 ||    28
       Tentacles         |    10 |     6 ||    16
       Punch             |     1 |     1 ||     2
 Stab: Sleeping          |    17 |     2 ||    19
Armor: Skin              |     8 |       ||     8
Dodge: Dodged            |    41 |    12 ||    53
